 Dungeon Crawl Stone Soup version 0.22-a0-223-g0f5d773 (webtiles) character file.

116666 galech the Brawler (level 16, -11/163 HPs)
             Began as a Troll Monk on Feb 18, 2018.
             Was the Champion of Okawaru.
             Mangled by a tarantella (13 damage)
             ... on level 2 of the Spider Nest.
             The game lasted 01:05:45 (25101 turns).

galech the Brawler (Troll Monk)                    Turns: 25101, Time: 01:05:46

Health: -11/163    AC: 20    Str: 36    XL:     16   Next: 21%
Magic:  13/15      EV:  5    Int:  9    God:    Okawaru [******]
Gold:   263        SH:  0    Dex:  9    Spells: 15/15 levels left

rFire    + + .     SeeInvis +     - Unarmed
rCold    + + +     Gourm    +   X - +8 large shield "Hohas" {rC+ rCorr Str+8 Dex-3}
rNeg     . . .     Faith    .   m - +1 gold dragon scales
rPois    +         Spirit   .   K - +0 hat {Int+3}
rElec    .         Reflect  .   I - scarf {rC+ rF+}
rCorr    +         Harm     .   (gloves unavailable)
MR       +....                  (boots unavailable)
Stlth    ..........             y - amulet of the acrobat
HPRegen  0.77/turn              u - ring of poison resistance
MPRegen  0.14/turn              l - ring of see invisible

@: confused, heroism, held, invisible
A: large, unfitting armour, claws 3, fast metabolism 3, gourmand, regeneration
1, shaggy fur 1, tough skin 2
a: Heroism, Finesse, Renounce Religion


You were on level 2 of the Spider Nest.
You worshipped Okawaru.
Okawaru was exalted by your worship.
You were not hungry.

You visited 5 branches of the dungeon, and saw 27 of its levels.
You also visited: Ice Cave and Volcano.

You collected 2873 gold pieces.
You spent 2610 gold pieces at shops.

Inventory:

Armour
 m - +1 gold dragon scales (worn)
 C - a +2 robe of positive energy
 H - a +1 robe of cold resistance
 I - a scarf of resistance (worn)
 K - a +0 hat of intelligence (worn)
 L - a +0 robe of magic resistance
 O - a +1 cloak
 Q - a +2 robe of fire resistance
 X - the +8 large shield "Hohas" (worn) {rC+ rCorr Str+8 Dex-3}
   (Okawaru gifted it to you on level 4 of the Lair of Beasts)

   It affects your strength (+8).
   It affects your dexterity (-3).
   It protects you from cold.
   It protects you from acid and corrosion.
Jewellery
 d - an uncursed ring of protection from magic
 l - a ring of see invisible (right claw)
 n - an uncursed ring of positive energy
 u - a ring of poison resistance (left claw)
 y - an amulet of the acrobat (around neck)
 F - an uncursed ring of protection from magic
 G - an uncursed ring of ice
 T - an uncursed amulet of regeneration
Wands
 g - a wand of acid (8)
 j - a wand of paralysis (18)
 o - a wand of clouds (7)
 r - a wand of flame (62)
 E - a wand of random effects (40)
Scrolls
 a - 6 scrolls of fog
 c - 15 scrolls of remove curse
 e - 6 scrolls of blinking
 k - 7 scrolls of teleportation
 p - 2 scrolls of enchant weapon
 w - a scroll of fear
 D - a scroll of silence
 J - 2 scrolls of identify
 S - 2 scrolls of summoning
 V - a scroll of torment
 Z - 2 scrolls of amnesia
Potions
 f - a potion of berserk rage
 h - 4 potions of lignification
 i - 3 potions of agility
 q - 3 potions of magic
 s - a potion of cancellation
 t - 2 potions of flight
 v - 2 potions of brilliance
 x - a potion of invisibility
 z - 7 potions of curing
 A - 3 potions of mutation
 B - 5 potions of might
 M - 2 potions of resistance
 N - 3 potions of haste
 P - 4 potions of ambrosia
Comestibles
 b - 44 rations
 R - 5 chunks of flesh


   Skills:
 + Level 11.4(16.4) Fighting
 + Level 3.9(8.9) Armour
 + Level 11.4(16.4) Dodging
 - Level 1.8(6.8) Stealth
 + Level 11.0(16.0) Shields
 * Level 17.7(22.7) Unarmed Combat


You had 15 spell levels left.
You didn't know any spells.

Dungeon Overview and Level Annotations

Branches:
Dungeon (15/15)            Temple (1/1) D:4            Lair (6/6) D:10
 Shoals (0/4) Lair:4       Spider (3/4) Lair:4        Slime (0/5) Lair:6
    Orc (2/2) D:10            Elf (0/3) Orc:2        Vaults (0/5) D:13
 Depths (0/5) D:15

Altars:
Ashenzari
Cheibriados
Dithmenos
Elyvilon
Fedhas
Gozag
Hepliaklqana
Kikubaaqudgha
Makhleb
Nemelex Xobeh
Okawaru
Qazlal
Ru
Sif Muna
Trog
Uskayaw
Vehumet
Wu Jian
Xom
Yredelemnul
Zin
The Shining One
Jiyva

Shops:
D:4 *   D:9 }   Orc:1 [   Orc:2 ![[[

Annotations:
D:7 1 runed door


Innate Abilities, Weirdness & Mutations

You are too large for most types of armour.
You have claws for hands.
Your metabolism is lightning-fast.
You like to eat raw meat.
Your natural rate of healing is unusually fast.
You are covered in fur. (AC +1)
You have very tough skin. (AC +2)


Message History

You're too confused!
Your magical effects are unravelling.
You feel magically purged.
You feel less confused. The tarantella bites you.
* * * LOW HITPOINT WARNING * * *
The tarantella bites you!
* * * LOW HITPOINT WARNING * * *
The jumping spider pounces on you but does no damage.
The jumping spider completely misses you.
The tarantella bites you but does no damage.
The tarantella bites you!
* * * LOW HITPOINT WARNING * * *
You are confused.
The tarantella bites you but does no damage.
The jumping spider leaps!
You fade into invisibility!
The tarantella bites you but does no damage.
The tarantella bites you!
You die...

####### # ######.....#####≈
#≈#.#.......≈#...
#≈......#....#^..
####......#........
##.#≈......#........
#####..≈##.....##.......
#.....s..s.....#......##
#.....%@s#.........[....
###...§s.#..............
#..^..................
####..................
##..^..<.............
#....................
##................... #####
#........^........^.
##.≈.###.............^.....


You could see a jumping spider and 3 tarantellas.

Vanquished Creatures
  The ghost of Tovarisch the Hand of Fortune, an adept HuWn of Nemelex Xobeh (Spider:2)
  Donald (Spider:1)
  A frost giant (IceCv)
  A ghost moth (Lair:4)
  Nessos (Lair:6)
  2 entropy weavers
  6 slime creatures
  A red draconian (Volcano)
  A spark wasp (Spider:3)
  Josephine (Orc:2)
  Fannar (D:10)
  An ogre mage (D:13)
  5 hydras
  6 centaur warriors
  Erica (D:8)
  5 two-headed ogres
  The ghost of PeterLawrence the Basher, a novice MiFi of Okawaru (Lair:1)
  2 tengu warriors (D:14)
  3 orc high priests (Orc:2)
  Urug (Lair:4)
  Sonja (Lair:2)
  2 unseen horrors
  A salamander mystic (Volcano)
  2 wizards (D:15)
  Pikel (D:9)
  6 orb spiders
  4 orc knights (Orc:2)
  11 wolf spiders
  A necromancer (D:15)
  3 manticores
  7 orc sorcerers
  3 cyclopes
  7 ugly things
  10 elephants (Lair:4)
  A moth of wrath (Spider:1)
  5 salamanders (Volcano)
  An ice statue (IceCv)
  Joseph (D:7)
  Psyche (D:11)
  Maurice (Orc:1)
  A gargoyle (D:12)
  10 spiny frogs
  A molten gargoyle (Volcano)
  2 kobold demonologists (D:15)
  5 black mambas
  A rime drake (Lair:1)
  5 komodo dragons
  11 jumping spiders
  A troll (shapeshifter) (D:14)
  4 trolls
  Grinder (D:4)
  19 polar bears
  A wind drake (shapeshifter) (D:14)
  4 hornets
  2 meliai zombies
  16 blink frogs
  8 dream sheep
  24 redbacks
  3 centaur simulacra
  7 hippogriffs
  A vampire (D:13)
  A shadow (D:13)
  12 spriggans (Lair:6)
  7 tarantellas
  3 wraiths (Orc:2)
  2 wyverns
  4 basilisks
  58 yaks
  7 fire bats (Volcano)
  A hungry ghost (D:15)
  7 vampire mosquitoes (D:13)
  15 water moccasins
  2 acid dragons
  9 porcupines
  22 orc warriors
  5 black bears (Lair:6)
  A slave (D:9)
  3 sky beasts
  A phantom (D:4)
  A hornet zombie (D:12)
  A meliai simulacrum (D:15)
  15 ice beasts
  A necrophage (D:13)
  8 ogres
  5 boggarts (Lair:6)
  37 wolves
  14 centaurs
  15 crocodiles
  16 bullfrogs
  4 big kobolds
  2 wyvern zombies
  A hornet simulacrum (D:14)
  2 wyvern skeletons
  5 wights (D:9)
  4 electric eels
  5 lava snakes (Volcano)
  2 bullfrog zombies (D:5)
  4 crimson imps
  11 jellies
  3 centaur skeletons
  6 centaur zombies
  2 hounds
  20 orc wizards
  21 orc priests
  Crazy Yiuf (D:3)
  4 bullfrog skeletons
  3 iguanas
  13 worker ants
  A hound zombie (D:5)
  2 hound skeletons
  5 gnolls (D:9)
  11 adders
  2 shadow imps
  A white imp (D:14)
  2 ufetubi (D:14)
  5 oozes (D:8)
  An adder skeleton (D:5)
  An adder zombie (D:6)
  3 worms (D:2)
  3 dart slugs
  3 leopard geckos
  59 orcs
  4 giant cockroaches
  9 hobgoblins
  26 jackals
  4 quokkas
  A ball python (D:1)
  2 bats
  4 frilled lizards
  6 goblins
  9 kobolds
  A leopard gecko zombie (D:5)
  2 quokka skeletons
  7 rats
  A plant (D:10)
799 creatures vanquished.

Vanquished Creatures (others)
  A deep elf mage (D:13)
  A wolf spider (Spider:2)
  2 orb spiders (Spider:1)
  A redback (Spider:1)
  2 gnolls (D:9)
  A jackal (D:9)
  9 fungi
  4 plants
21 creatures vanquished.

Grand Total: 820 creatures vanquished

Notes
Turn   | Place    | Note
-------+----------+-------------------------------------------
     0 | D:1      | galech the Troll Monk began the quest for the Orb.
     0 | D:1      | Reached XP level 1. HP: 22/22 MP: 0/0
   102 | D:1      | Reached XP level 2. HP: 29/29 MP: 1/1
   506 | D:1      | Reached XP level 3. HP: 36/36 MP: 2/2
  1125 | D:2      | Found a shadowy altar of Dithmenos.
  1393 | D:3      | Reached XP level 4. HP: 44/44 MP: 3/3
  1446 | D:3      | Reached skill level 4 in Unarmed Combat
  1456 | D:4      | Noticed a phantom
  1477 | D:2      | Reached XP level 5. HP: 22/53 MP: 4/4
  1931 | D:3      | Found a white marble altar of Elyvilon.
  1931 | D:3      | Found a deep blue altar of Sif Muna.
  1944 | D:3      | Found a bloodstained altar of Trog.
  2022 | D:3      | Found a glowing silver altar of Zin.
  2119 | D:3      | Found a runed door.
  2255 | D:3      | Noticed Crazy Yiuf
  2261 | D:3      | Killed Crazy Yiuf
  2303 | D:4      | Noticed Grinder
  2317 | D:4      | Killed Grinder
  2317 | D:4      | Reached skill level 1 in Shields
  2317 | D:4      | Reached skill level 5 in Unarmed Combat
  2317 | D:4      | Reached XP level 6. HP: 11/61 MP: 5/5
  2545 | D:4      | Reached XP level 7. HP: 64/68 MP: 6/6
  2554 | D:4      | Found Okejav's General Store.
  2562 | D:4      | Bought a scroll of identify for 26 gold pieces
  2562 | D:4      | Bought a potion of cancellation for 104 gold pieces
  2726 | D:4      | Found a staircase to the Ecumenical Temple.
  2737 | Temple   | Entered the Ecumenical Temple
  2772 | Temple   | Became a worshipper of Warmaster Okawaru
  2772 | Temple   | Reached * piety under Okawaru
  2772 | Temple   | Reached ** piety under Okawaru
  2944 | D:5      | Entered Level 5 of the Dungeon
  3085 | D:5      | Reached skill level 6 in Unarmed Combat
  3247 | D:4      | Reached XP level 8. HP: 78/78 MP: 7/7
  3784 | D:5      | Reached *** piety under Okawaru
  3784 | D:5      | Reached skill level 7 in Unarmed Combat
  4695 | D:7      | Reached skill level 5 in Dodging
  4747 | D:7      | Reached skill level 5 in Fighting
  4790 | D:7      | Reached XP level 9. HP: 88/88 MP: 8/8
  4827 | D:7      | Reached skill level 8 in Unarmed Combat
  5062 | D:7      | Found a glowing golden altar of the Shining One.
  5062 | D:7      | Found a runed door.
  5062 | D:7      | Noticed an angel
  5121 | D:7      | Noticed Joseph
  5130 | D:7      | Killed Joseph
  5130 | D:7      | Reached **** piety under Okawaru
  5227 | D:8      | Noticed a two-headed ogre
  5240 | D:8      | Killed a two-headed ogre
  5240 | D:8      | Reached skill level 9 in Unarmed Combat
  5468 | D:8      | Noticed Erica
  5477 | D:8      | Killed Erica
  5477 | D:8      | Received a gift from Okawaru
  5477 | D:8      | Reached XP level 10. HP: 97/98 MP: 9/9
  5519 | D:8      | Reached ***** piety under Okawaru
  5873 | D:8      | Reached skill level 5 in Shields
  6029 | D:8      | Reached skill level 10 in Unarmed Combat
  6178 | D:9      | Found a sparkling altar of Nemelex Xobeh.
  6319 | D:9      | Noticed Pikel
  6349 | D:9      | Killed Pikel
  6636 | D:9      | Found Modecehe's Gadget Shop.
  6820 | D:9      | Found a shimmering altar of Xom.
  7060 | D:10     | Entered Level 10 of the Dungeon
  7160 | D:10     | Received a gift from Okawaru
  7184 | D:10     | Noticed Fannar
  7202 | D:10     | Killed Fannar
  7202 | D:10     | Reached skill level 11 in Unarmed Combat
  7202 | D:10     | Reached XP level 11. HP: 21/107 MP: 10/10
  7651 | D:10     | Identified a scroll of acquirement
  7677 | D:10     | Found a staircase to the Lair.
  8088 | D:10     | Found a staircase to the Orcish Mines.
  8098 | Orc:1    | Entered Level 1 of the Orcish Mines
  8143 | Orc:1    | Found a dark tunnel.
  8150 | Volcano  | Entered a volcano
  8267 | Volcano  | Received a gift from Okawaru
  8572 | Volcano  | Found a bloodstained altar of Trog.
  8572 | Volcano  | Noticed a salamander mystic
  8583 | Volcano  | Killed a salamander mystic
  8587 | Volcano  | Reached skill level 12 in Unarmed Combat
  8660 | Volcano  | Noticed a red draconian
  8673 | Volcano  | Killed a red draconian
  8779 | Orc:1    | Found Kiucwedgh's Armour Shop.
  8787 | Orc:1    | Noticed an orc sorcerer
  8800 | Orc:1    | Killed an orc sorcerer
  9038 | Orc:2    | Entered Level 2 of the Orcish Mines
  9135 | Orc:2    | Found a staircase to the Elven Halls.
  9218 | Orc:2    | Reached XP level 12. HP: 108/119 MP: 11/11
  9345 | Orc:2    | Noticed Josephine
  9380 | Orc:2    | Killed Josephine
  9380 | Orc:2    | Received a gift from Okawaru
  9692 | Orc:2    | Found Ajerist's Antique Armour Boutique.
  9692 | Orc:2    | Noticed an orc high priest
  9825 | Orc:2    | Killed an orc high priest
  9825 | Orc:2    | Reached skill level 13 in Unarmed Combat
  9906 | Orc:2    | Noticed an orc high priest
  9913 | Orc:2    | Killed an orc high priest
  9997 | Orc:2    | Noticed an orc high priest
 10096 | Orc:2    | Reached ****** piety under Okawaru
 10134 | Orc:2    | Killed an orc high priest
 10216 | Orc:2    | Found Fiupn's Armour Shoppe.
 10220 | Orc:2    | Found Baakhlesu's Armour Shoppe.
 10233 | Orc:2    | Found Rileret's Distillery.
 10350 | Orc:2    | Received a gift from Okawaru
 10534 | Orc:1    | Noticed Maurice
 10538 | Orc:1    | Found a bloodstained altar of Trog.
 10545 | Orc:1    | Killed Maurice
 10793 | Lair:1   | Entered Level 1 of the Lair of Beasts
 10995 | Lair:1   | Noticed a four-headed hydra
 11071 | Lair:1   | Noticed PeterLawrence's ghost (novice MiFi)
 11758 | Lair:1   | Reached XP level 13. HP: 130/130 MP: 12/12
 11776 | Lair:1   | Killed PeterLawrence's ghost
 11776 | Lair:1   | Reached skill level 14 in Unarmed Combat
 12102 | Lair:1   | Received a gift from Okawaru
 12294 | Lair:2   | Noticed Sonja
 12301 | Lair:2   | Killed Sonja
 13321 | Lair:3   | Identified the Almanac of the Unholy Glacier
 13869 | Lair:4   | Found a hole to the Spider Nest.
 14109 | Lair:4   | Received a gift from Okawaru
 14120 | Lair:4   | Got a faintly glowing large shield {god gift}
 14131 | Lair:4   | Identified the +8 large shield "Hohas" {rC+ rCorr Str+8 Dex-3} (Okawaru gifted it to you on level 4 of the Lair of Beasts)
 14139 | Lair:4   | Noticed Urug
 14158 | Lair:4   | Killed Urug
 14234 | Lair:4   | Reached skill level 15 in Unarmed Combat
 14491 | Lair:4   | Found a staircase to the Shoals.
 14988 | Lair:5   | Reached XP level 14. HP: 141/141 MP: 13/13
 15233 | Lair:5   | Received a gift from Okawaru
 15817 | Lair:6   | Entered Level 6 of the Lair of Beasts
 15845 | Lair:6   | Reached skill level 10 in Dodging
 15846 | Lair:6   | Found a viscous altar of Jiyva.
 15847 | Lair:6   | Found a staircase to the Slime Pits.
 16030 | Lair:6   | Reached skill level 10 in Fighting
 16768 | Lair:6   | Noticed Nessos
 17089 | Lair:6   | Killed Nessos
 17873 | D:11     | Noticed Psyche
 17884 | D:11     | Killed Psyche
 17884 | D:11     | Received a gift from Okawaru
 18197 | D:11     | Reached skill level 16 in Unarmed Combat
 18258 | D:11     | You fall through a shaft for 3 floors!
 18350 | D:14     | Found a frozen archway.
 18406 | IceCv    | Entered an ice cave
 18522 | IceCv    | Reached skill level 10 in Shields
 18561 | IceCv    | Received a gift from Okawaru
 18577 | IceCv    | Got a shimmering war axe {god gift}
 18629 | IceCv    | Noticed a frost giant
 18641 | IceCv    | Killed a frost giant
 19161 | D:13     | Reached XP level 15. HP: 144/152 MP: 14/14
 19800 | D:12     | Received a gift from Okawaru
 20548 | Orc:2    | Bought gold dragon scales for 2480 gold pieces
 20712 | D:13     | Found a gate to the Vaults.
 20994 | D:13     | Reached skill level 1 in Armour
 21467 | D:14     | Received a gift from Okawaru
 21767 | D:14     | Reached skill level 17 in Unarmed Combat
 21875 | D:15     | Entered Level 15 of the Dungeon
 22233 | D:15     | Found a shattered altar of Ashenzari.
 22449 | D:15     | Found a staircase to the Depths.
 23008 | Spider:1 | Entered Level 1 of the Spider Nest
 23653 | Lair:4   | Noticed a ghost moth
 23665 | Lair:4   | Killed a ghost moth
 23925 | Spider:1 | Noticed Donald
 24100 | Spider:1 | Killed Donald
 24418 | Spider:2 | Reached XP level 16. HP: 162/162 MP: 15/15
 24559 | Spider:2 | Noticed Tovarisch's ghost (adept HuWn)
 24615 | Spider:2 | Killed Tovarisch's ghost
 25065 | Spider:3 | Received a gift from Okawaru
 25097 | Spider:2 | HP: 5/163 [jumping spider (4)]
 25100 | Spider:2 | HP: 1/163 [tarantella (7)]
 25101 | Spider:2 | Mangled by a tarantella

Vault maps used:
D:1:      sevenhm_arrival_forest_fort_small_5
D:2:      grunt_dithmenos_smoke_and_mirrors
D:3:      gammafunk_temple_overflow_elements, zin_statuary,
          lemuel_crystal_altar, serial_forest, infiniplex_forest_clump_curved,
          infiniplex_forest_end_1, infiniplex_forest_straight_1,
          infiniplex_forest_lined_3_way, infiniplex_forest_clump_large,
          infiniplex_forest_clump_medium, infiniplex_forest_lined_room_2,
          uniq_crazy_yiuf_cottage
D:4:      temple_green, first_ration, serial_shops, shop_fountains,
          kennysheep_generic_room_16, uniq_grinder
D:7:      lemuel_angel_altar, uniq_joseph
D:8:      hangedman_little_slice_of_home, minmay_misc_feat_square, uniq_erica
D:9:      minitemple, serial_shops, shop, uniq_pikel
D:10:     dpeg_oklobed_lair, david_orc_4, uniq_fannar
D:11:     uniq_psyche
D:12:     minmay_holes
D:13:     david_vaults_2
D:14:     serial_ice, serial_ice_m, serial_ice_a, serial_ice_o, serial_ice_d,
          portal_ice_cave_entry_ice_beasts, minmay_misc_feat_four_crosses
D:15:     grunt_enter_depths_magical_seal, nicolae_ashenzari_panopticon
Temple:   eino_wide_crystal_templ
Lair:1:   beast_lair_carwin_4, lemuel_fruit_tree, serial_bayou_shore_a,
          lemuel_fruit_fields
Lair:2:   uniq_sonja
Lair:4:   minmay_shoals_entry_beasts, spider_nest_entry_webs, uniq_urug
Lair:5:   grunt_megastairs_2, lemuel_fruit_fields
Lair:6:   minmay_lair_end_enchanted_forest, slime_altar_1, uniq_nessos
Spider:1: spider_trap, uniq_donald
Spider:3: nicolae_orb_stairs
Orc:1:    nicolae_volcano_entry_hallway, serial_shops, shop, trog_book,
          uniq_maurice
Orc:2:    st_orc_elflike, uniq_josephine
IceCv:    ice_cave_small_giant
Volcano:  volcano_grotto

Skill      XL: |  1  2  3  4  5  6  7  8  9 10 11 12 13 14 15 16 |
---------------+-------------------------------------------------+-----
Dodging        | 3 4 5 6 7 8 9 10 11 | 11.4
Unarmed Combat | 4 5 6 7 9 11 12 13 15 16 17 | 17.7
Fighting       | 3 4 5 6 7 8 9 10 11 | 11.4
Shields        | 1 2 3 4 5 7 8 9 10 11 | 11.0
Armour         | 3 |  3.9
Stealth        | |  1.8

Action                   |  1- 3 |  4- 6 |  7- 9 | 10-12 | 13-15 | 16-18 || total
-------------------------+-------+-------+-------+-------+-------+-------++-------
Melee: Unarmed           |    89 |   100 |   271 |   722 |  1406 |   134 ||  2722
       Punch             |       |       |       |       |     2 |       ||     2
Invok: Heroism           |       |       |     3 |    12 |    16 |     3 ||    34
       Finesse           |       |       |       |     2 |     5 |     1 ||     8
  Use: Scroll            |       |       |     8 |     9 |    20 |     2 ||    39
       Potion            |       |       |       |     1 |     6 |     7 ||    14
 Stab: Sleeping          |     3 |     1 |     7 |     6 |     3 |       ||    20
       Distracted        |       |       |       |       |     2 |       ||     2
  Eat: Chunk             |    18 |    11 |    27 |    57 |   113 |     5 ||   231
Armor: Robe              |    28 |    17 |    67 |    96 |    98 |       ||   306
       Gold dragon scale |       |       |       |       |   154 |    63 ||   217
       Acid dragon scale |       |       |       |       |     6 |       ||     6
Dodge: Dodged            |    41 |    59 |   105 |   246 |   318 |    19 ||   788
Block: Shield            |       |     7 |   125 |   286 |    60 |       ||   478
       Large shield      |       |       |       |       |  1473 |   161 ||  1634

Table legend:
 A = Spawn XP
 B = Non-spawn XP
 C = Spawn XP percentage of total XP
 D = Spawn monster count
 E = Non-spawn monster count
 F = Spawn count percentage of total count
 G = Total turns spent on level
                    A         B        C        D         E        F      G
               +---------+---------+-------+---------+---------+-------+---------
         Total |       0 |  166666 |   0.0 |       0 |     798 |   0.0 | 25101
               +---------+---------+-------+---------+---------+-------+---------
           D:1 |       0 |      45 |   0.0 |       0 |      25 |   0.0 |   927
           D:2 |       0 |      95 |   0.0 |       0 |      16 |   0.0 |   510
           D:3 |       0 |     199 |   0.0 |       0 |      22 |   0.0 |   855
           D:4 |       0 |     704 |   0.0 |       0 |      21 |   0.0 |   666
           D:5 |       0 |     848 |   0.0 |       0 |      28 |   0.0 |   768
           D:6 |       0 |     662 |   0.0 |       0 |      28 |   0.0 |   916
           D:7 |       0 |    1145 |   0.0 |       0 |      14 |   0.0 |   654
           D:8 |       0 |    3293 |   0.0 |       0 |      29 |   0.0 |   809
           D:9 |       0 |    2287 |   0.0 |       0 |      28 |   0.0 |   906
          D:10 |       0 |    4150 |   0.0 |       0 |      41 |   0.0 |  1297
          D:11 |       0 |    4238 |   0.0 |       0 |      18 |   0.0 |   949
          D:12 |       0 |    3886 |   0.0 |       0 |      20 |   0.0 |   753
          D:13 |       0 |   12617 |   0.0 |       0 |      36 |   0.0 |   776
          D:14 |       0 |   11085 |   0.0 |       0 |      44 |   0.0 |   759
          D:15 |       0 |    9786 |   0.0 |       0 |      28 |   0.0 |   964
        Lair:1 |       0 |    8828 |   0.0 |       0 |      39 |   0.0 |  1488
        Lair:2 |       0 |    3356 |   0.0 |       0 |      12 |   0.0 |   803
        Lair:3 |       0 |    4357 |   0.0 |       0 |      16 |   0.0 |  1188
        Lair:4 |       0 |   19283 |   0.0 |       0 |      56 |   0.0 |  1802
        Lair:5 |       0 |    7794 |   0.0 |       0 |      34 |   0.0 |  1101
        Lair:6 |       0 |   13090 |   0.0 |       0 |      66 |   0.0 |  1440
      Spider:1 |       0 |   11604 |   0.0 |       0 |      23 |   0.0 |   661
      Spider:2 |       0 |   10936 |   0.0 |       0 |      27 |   0.0 |   671
      Spider:3 |       0 |    2694 |   0.0 |       0 |       5 |   0.0 |    27
         Orc:1 |       0 |    2677 |   0.0 |       0 |      22 |   0.0 |   625
         Orc:2 |       0 |   10990 |   0.0 |       0 |      44 |   0.0 |  1444
         IceCv |       0 |    9413 |   0.0 |       0 |      36 |   0.0 |   674
       Volcano |       0 |    6604 |   0.0 |       0 |      20 |   0.0 |   619
               +---------+---------+-------+---------+---------+-------+---------
